 Dungeon Crawl Stone Soup version 0.24-a0-459-g225fefd530 (webtiles) character file.

Game seed: 3688007946750283914

26 Azzok the Chopper (level 2, -2/27 HPs)
             Began as a Deep Dwarf Fighter on June 30, 2019.
             Slain by a gnoll
             ... wielding a +0 whip
              (5 damage)
             ... on level 1 of the Dungeon.
             The game lasted 00:02:12 (876 turns).

Azzok the Chopper (Deep Dwarf Fighter)               Turns: 876, Time: 00:02:12

Health: -2/27      AC:  6    Str: 19    XL:     2   Next: 89%
Magic:  2/2        EV:  7    Int:  8    God:
Gold:   48         SH:  9    Dex: 12    Spells: 1/1 levels left

rFire    . . .     SeeInvis .   g - -1 mace (curse)
rCold    . . .     Gourm    .   c - +0 shield
rNeg     . . .     Faith    .   b - +0 scale mail
rPois    .         Spirit   .   (no helmet)
rElec    .         Reflect  .   (no cloak)
rCorr    .         Harm     .   (no gloves)
MR       .....                  (no boots)
Stlth    ..........             (no amulet)
HPRegen  0.00/turn              (no ring)
MPRegen  0.08/turn              (no ring)

@: non-regenerating
A: damage resistance, heal wounds, sense surroundings 1, no regeneration
a: Heal Wounds


You were on level 1 of the Dungeon.
You were not hungry.

You visited 1 branch of the dungeon, and saw 2 of its levels.

You collected 48 gold pieces.

Inventory:

Hand Weapons
 a - a +0 war axe
 g - a cursed -1 mace (weapon)
Armour
 b - a +0 scale mail (worn)
 c - a +0 shield (worn)
Jewellery
 e - an uncursed amulet of magic regeneration
Potions
 d - a potion of might
 k - 3 potions of agility
Comestibles
 f - 2 rations
 h - a chunk of flesh


   Skills:
 - Level 2.6 Fighting
 + Level 3.8 Axes
 - Level 3.2 Armour
 - Level 3.2 Shields


You had one spell level left.
You didn't know any spells.
Your spell library was empty.

Dungeon Overview and Level Annotations

Branches:
Dungeon (2/15)

Altars:


Innate Abilities, Weirdness & Mutations

You are resistant to damage.
You can heal yourself by infusing magical energy.
You passively map a small area around you.
You do not regenerate.


Message History

The gnoll hits you with a +0 spear!
* * * LOW HITPOINT WARNING * * *
You sock the gnoll!
You kill the gnoll!
There is a stone staircase leading up here.
There are no items here.
The gnoll hits you but does no damage. The adder bites you but does no damage.
You climb upwards.
There is a stone staircase leading down here.
You hit the gnoll.
The gnoll is heavily wounded.
The gnoll hits you but does no damage. The gnoll hits you with a +0 whip.
* * * LOW HITPOINT WARNING * * *
You hit the gnoll.
The gnoll is moderately wounded.
You block the gnoll's attack.
You hit the gnoll but do no damage.
The gnoll is moderately wounded.
The gnoll closely misses you. The gnoll hits you with a +0 whip.
You die...

▒▒▒▒▒▒▒▒▒▒▒▒▒▒▒▒·▒
·········▒ ▒·▒
▒▒▒▒▒▒▒▒·▒ ▒·▒ ▒·▒
▒·▒ ▒·▒ ▒·▒ ▒·▒ ▒·▒
▒·▒ ▒·▒
▒▒▒▒▒▒▒▒·▒▒▒▒▒▒▒g▒
················@▒
▒▒▒▒▒▒▒▒·▒▒▒▒▒▒▒▒▒
▒·▒ ▒·▒ ▒▒▒▒▒▒▒▒·▒
···▒▒····▒
····▒·▒▒▒▒
▒···▒·▒▒▒▒▒▒▒▒▒▒▒▒▒▒
▒▒·················▒


You could see a gnoll.

Vanquished Creatures
  A gnoll (D:2)
  A leopard gecko (D:1)
  2 goblins (D:1)
  6 bats (D:1)
  A frilled lizard (D:1)
  4 kobolds (D:1)
  A rat (D:1)
16 creatures vanquished.

Notes
Turn   | Place    | Note
-------+----------+-------------------------------------------
     0 | D:1      | Azzok the Deep Dwarf Fighter began the quest for the Orb.
     0 | D:1      | Reached XP level 1. HP: 20/20 MP: 1/1
   433 | D:1      | Reached XP level 2. HP: 27/27 MP: 2/2
   876 | D:1      | Slain by a gnoll

Levels and vault maps discovered:
D:1:      dpeg_arrival_pits, layout_basic
D:2:      layout_rooms, grunt_dithmenos_smoke, nicolae_overflow_hidden_temple,
          first_ration

Skill      XL: |  1 |
---------------+----+-----
Axes           | 3 |  3.8
Fighting       | |  2.6
Armour         | |  3.2
Shields        | |  3.2

Action                   || total
-------------------------++-------
Melee: Mace              ||    54
       War axe           ||     3
  Use: Scroll            ||     5
Armor: Scale mail        ||    36
Dodge: Dodged            ||    29
Block: Shield            ||    32

Table legend:
 A = Non-vault XP
 B = Vault XP
 C = Vault XP percentage of total XP
 D = Non-vault monster count
 E = Vault monster count
 F = Vault count percentage of total count
                 A         B        C        D         E       F
            +---------+---------+-------+---------+---------+-------
      Total |      38 |       0 |   0.0 |      16 |       0 |   0.0
            +---------+---------+-------+---------+---------+-------
        D:1 |      23 |       0 |   0.0 |      15 |       0 |   0.0
        D:2 |      15 |       0 |   0.0 |       1 |       0 |   0.0
            +---------+---------+-------+---------+---------+-------
